 Dungeon Crawl Stone Soup version 0.24.0-35-gdb84b6a5db (webtiles) character file.

Game seed: 2620379098456858329, levelgen mode: deterministic

315 Delamore the Cleaver (level 6, -6/51 HPs)
             Began as a Hill Orc Fighter on Nov 17, 2019.
             Mangled by an ogre
             ... wielding a +0 giant club
              (12 damage)
             ... on level 3 of the Dungeon.
             The game lasted 00:03:25 (2673 turns).

Delamore the Cleaver (Hill Orc Fighter)             Turns: 2673, Time: 00:03:26

Health: -6/51      AC:  8    Str: 21    XL:     6   Next: 43%
Magic:  6/6        EV:  7    Int:  8    God:
Gold:   175        SH:  9    Dex: 10    Spells: 5/5 levels left

rFire    . . .     SeeInvis .   a - +0 war axe
rCold    . . .     Gourm    .   c - +0 shield
rNeg     . . .     Faith    .   b - +0 scale mail
rPois    .         Spirit   .   (no helmet)
rElec    .         Reflect  .   e - +0 cloak
rCorr    .         Harm     .   (no gloves)
MR       .....                  (no boots)
Stlth    ..........             (no amulet)
HPRegen  0.17/turn              (no ring)
MPRegen  0.10/turn              (no ring)

@: lethally poisoned (-6 -> -14)
A: no striking features
a: no special abilities


You were on level 3 of the Dungeon.
You were very hungry.

You visited 1 branch of the dungeon, and saw 4 of its levels.

You collected 175 gold pieces.

Inventory:

Hand Weapons
 a - a +0 war axe (weapon)
Armour
 b - a +0 scale mail (worn)
 c - a +0 shield (worn)
 e - a +0 cloak (worn)
Scrolls
 g - 5 scrolls of identify {unknown}
 i - 5 scrolls of teleportation {unknown}
 l - 2 scrolls of immolation {unknown}
 n - 2 scrolls of remove curse {unknown}
 p - 2 scrolls of fog {unknown}
 q - a scroll of random uselessness {unknown}
 r - a scroll of enchant armour {unknown}
Potions
 d - a potion of might
 h - 3 potions of haste {unknown}
 j - a potion of curing {unknown}
 k - a potion of lignification {unknown}
 m - a potion of degeneration {unknown}
 o - a potion of heal wounds {unknown}
Comestibles
 f - 7 rations


   Skills:
 - Level 3.6 Fighting
 + Level 8.7 Axes
 - Level 3.2 Armour
 - Level 3.2 Shields


You had 5 spell levels left.
You didn't know any spells.
Your spell library was empty.

Dungeon Overview and Level Annotations

Branches:
Dungeon (4/15)
 Temple: D:4-7

Altars:
Makhleb
Ru
Sif Muna
Zin
The Shining One


Message History

You closely miss the worker ant.
The worker ant bites you but does no damage.
You block the ogre's attack. The worker ant barely misses you.
You slash the ogre!
The ogre is heavily wounded.
You hit the worker ant but do no damage.
You block the ogre's attack. You block the worker ant's attack.
Your shield and scale mail prevent you from hitting the ogre.
The ogre is heavily wounded.
You closely miss the worker ant.
The worker ant bites you but does no damage.
The ogre hits you with a +0 giant club!
* * * LOW HITPOINT WARNING * * *
You slash the ogre!
The ogre is severely wounded.
You hit the worker ant. The worker ant bites you.
* * * LOW HITPOINT WARNING * * *
You are lethally poisoned!
The worker ant poisons you! The ogre hits you with a +0 giant club!
You die...

##..# #.#.....#.# #....#. .##.#
#.#.....#.## #....## ##..##
#..........# #...#.#
.....########..#..# #..#.#.
..8...........[#..# #..##..
8..##.........[...#########.#....
..###............................
### #...........a#....########...
#..........O@+....'..........
#[.........###....#######.##.
############ #....# #.### #....#
#.# #....# #.# #....# #.# #....#
#.# #....# #.# #....# #.#


You could see an ogre and a worker ant.

Vanquished Creatures
  2 orc priests (D:3)
  An orc wizard (D:3)
  Jessica (D:3)
  2 worker ants (D:4)
  3 adders
  5 worms
  2 leopard geckos
  15 orcs
  3 giant cockroaches
  4 goblins
  16 hobgoblins
  7 jackals
  3 quokkas
  7 bats
  6 frilled lizards
  11 kobolds
  3 leopard gecko skeletons
  A quokka zombie (D:2)
  4 rats
96 creatures vanquished.

Notes
Turn   | Place    | Note
-------+----------+-------------------------------------------
     0 | D:1      | Delamore the Hill Orc Fighter began the quest for the Orb.
     0 | D:1      | Reached XP level 1. HP: 19/19 MP: 1/1
     5 | D:1      | Reached skill level 3 in Axes
    12 | D:1      | Reached XP level 2. HP: 21/26 MP: 2/2
   119 | D:1      | Reached skill level 4 in Axes
   431 | D:1      | Reached XP level 3. HP: 31/31 MP: 3/3
   681 | D:2      | Found a sacrificial altar of Ru.
   685 | D:2      | Reached skill level 5 in Axes
   825 | D:2      | Reached XP level 4. HP: 37/39 MP: 4/4
   841 | D:2      | Found a burning altar of Makhleb.
   909 | D:2      | Found a glowing golden altar of the Shining One.
  1066 | D:2      | Found a shimmering blue altar of Sif Muna.
  1341 | D:2      | Reached skill level 6 in Axes
  1427 | D:3      | Reached XP level 5. HP: 45/45 MP: 5/5
  1432 | D:3      | Reached skill level 7 in Axes
  1726 | D:3      | Noticed Jessica
  1733 | D:3      | Killed Jessica
  1754 | D:3      | Found a glowing silver altar of Zin.
  1781 | D:3      | Reached skill level 8 in Axes
  1782 | D:3      | Reached XP level 6. HP: 31/51 MP: 6/6
  2673 | D:3      | Mangled by an ogre

Levels and vault maps discovered:
D:1:      dpeg_arrival_pits, layout_rooms, roderic_serpentine_path
D:2:      layout_loops_ring, lemuel_blue_sif_altar, lightli_temple_of_fire,
          nicolae_tso_carved_into_rock, nicolae_ru_sacrificial_ziggurat
D:3:      layout_basic, zin_statuary, minmay_misc_feat_secret_circle,
          uniq_jessica
D:4:      layout_rooms, hangedman_abyss_or_decor_lesser_grid,
          grunt_dithmenos_shadows

Skill      XL: |  1  2  3  4  5 |
---------------+----------------+-----
Axes           | 3 4 5 6 8 |  8.7
Fighting       | |  3.6
Armour         | |  3.2
Shields        | |  3.2

Action                   |  1- 3 |  4- 6 || total
-------------------------+-------+-------++-------
Melee: War axe           |   114 |   162 ||   276
  Eat: Chunk             |       |     5 ||     5
Armor: Scale mail        |    70 |    70 ||   140
Dodge: Dodged            |    38 |    45 ||    83
Block: Shield            |    70 |    82 ||   152
